 Dungeon Crawl Stone Soup version 0.17.0-24-gcfadda4 (console) character file.

25 gw the Chopper (level 3, 0/33 HPs)
             Began as a Hill Orc Berserker on Nov 15, 2015.
             Was a Follower of Trog.
             Slain by a goblin
             ... wielding a +0 dagger
              (4 damage)
             ... on level 1 of the Dungeon.
             The game lasted 00:00:34 (606 turns).

gw the Chopper (Hill Orc Berserker)                  Turns: 606, Time: 00:00:34

Health: 0/33       AC:  2    Str: 19    XL:     3   Next: 4%
Magic:  3/3        EV: 12    Int:  7    God:    Trog [*.....]
Gold:   41         SH:  0    Dex: 11    Spells: 0 memorised, 2 levels left

rFire  . . .     SeeInvis .     a - +0 hand axe
rCold  . . .     Clarity  .     b - +0 animal skin
rNeg   . . .     SustAt   .     (no shield)
rPois  .         Gourm    .     (no helmet)
rElec  .         Spirit   .     (no cloak)
rCorr  .         Warding  .     (no gloves)
rMut   .         Stasis   .     (no boots)
MR     .....                    (no amulet)
Stlth  +.........               (no ring)
                                (no ring)

@: not resistant to hostile enchantments, very unstealthy
A: no striking features
a: Berserk, Burn Spellbooks, Renounce Religion


You were on level 1 of the Dungeon.
You worshipped Trog.
Trog was aware of your devotion.
You were very hungry.

You visited 1 branch of the dungeon, and saw 1 of its levels.

You collected 41 gold pieces.

Inventory:

Hand Weapons
 a - a +0 hand axe (weapon)
Missiles
 d - 29 stones (quivered)
Armour
 b - a +0 animal skin (worn)
 e - a +0 leather armour
Comestibles
 c - a bread ration


   Skills:
 + Level 3.7 Fighting
 * Level 4.6 Axes
 + Level 1.0 Throwing
 + Level 2.6 Armour
 - Level 1.5 Dodging


You had 2 spell levels left.
You didn't know any spells.

Dungeon Overview and Level Annotations

Branches:
Dungeon (1/15)

Altars:


Message History

Press: ? - help, Shift-Dir - straight line, f/p - goblin
Aim: a goblin, wielding a dagger You throw a stone.
The stone closely misses the goblin.
Something hits you but does no damage.
MOVING TO (-1,0)
You hit something. Something hits you but does no damage.
MOVING TO (-3,0)
You hit something. Trog accepts your kill.
Reactivating autopickup.
You feel a bit more experienced.
ATTACKING (-1,0)
You closely miss the goblin. The goblin closely misses you.
ATTACKING (-1,0)
You closely miss the goblin. The goblin misses you.
ATTACKING (-1,0)
You barely miss the goblin. The goblin misses you.
ATTACKING (-1,0)
You closely miss the goblin. The goblin hits you with a dagger.
You die...

.....>#.....#.........#
....([#..#.##...........
....(.#...............(.
~~~~~.##..####..........
~~~~~~#................
~~~~~~#..#.##..........
..~~~~#..#..#.####.##.#.
...~~###.#..#.####......
..#####.....#(.go.....#
### #..#.############ ~~
#..#........ .# ###
#.....###### .#
#.#........##.# ##
#.#.........).# .###
#...........### ...#
##......%...# .#.##
#.......###.#


You could see a goblin.

Table legend:
 A = Turns spent in this place as a percentage of turns spent in the entire game.
 B = Non-inter-level travel turns spent in this place as a percentage of non-inter-level travel turns spent in the entire game.
 C = Inter-level travel turns spent in this place as a percentage of turns spent in this place.
 D = Turns resting spent in this place as a percentage of non-inter-level travel turns spent in this place.
 E = Turns spent auto-exploring this place as a percentage of non-inter-level travel turns spent in this place.
 F = Non-inter-level travel turns spent in this place divided by the number of levels of this place that you've seen.
                   A       B       C       D       E      F
               +-------+-------+-------+-------+-------+----------------------
         Total | 100.0 | 100.0 |   0.2 |   0.7 |   1.3 | 818.0
       Dungeon | 100.0 | 100.0 |   0.2 |   0.7 |   1.3 | 818.0
               +-------+-------+-------+-------+-------+----------------------

Table legend:
 A = Kills in this place as a percentage of kills in entire the game.
 B = Kills by you in this place as a percentage of kills by you in the entire game.
 C = Kills by friends in this place as a percentage of kills by friends in the entire game.
 D = Other kills in this place as a percentage of other kills in the entire game.
 E = Experience gained in this place as a percentage of experience gained in the entire game.
 F = Experience gained in this place divided by the number of levels of this place that you have seen.
                   A       B       C       D       E      F
               +-------+-------+-------+-------+-------+----------------------
         Total | 100.0 | 100.0 |  -nan |  -nan | 100.0 |  36.0
       Dungeon | 100.0 | 100.0 |  -nan |  -nan | 100.0 |  36.0
               +-------+-------+-------+-------+-------+----------------------

Vanquished Creatures
  2 oozes (D:1)
  2 bats (D:1)
  3 giant cockroaches (D:1)
  3 hobgoblins (D:1)
  2 goblins (D:1)
  A kobold (D:1)
  4 rats (D:1)
17 creatures vanquished.

Notes
Turn   | Place    | Note
--------------------------------------------------------------
     0 | D:1      | gw the Hill Orc Berserker began the quest for the Orb.
     0 | D:1      | Reached XP level 1. HP: 19/19 MP: 1/1
   203 | D:1      | Reached XP level 2. HP: 10/27 MP: 2/2
   567 | D:1      | Reached skill level 1 in Throwing
   580 | D:1      | Reached XP level 3. HP: 15/33 MP: 3/3
   606 | D:1      | Slain by a goblin

Action                   || total
-------------------------++-------
Melee: Hand axe          ||    28
Throw: Stone             ||    12
Invok: Berserk           ||     2

Vault maps used:
D:1:      dpeg_arrival_chase, minmay_surrounded
